 Dungeon Crawl Stone Soup version 0.24.0-7-gb3623d2c88 (webtiles) character file.

Game seed: 15833769175010274377, levelgen mode: deterministic

26750 Monsterracer the Cleaver (level 13, -7/118 HPs)
             Began as a Deep Dwarf Fighter on Nov 2, 2019.
             Was a High Priest of Makhleb.
             Mangled by a death yak (19 damage)
             ... on level 4 of the Lair of Beasts.
             The game lasted 00:08:57 (10091 turns).

Monsterracer the Cleaver (Deep Dwarf Fighter)      Turns: 10091, Time: 00:08:58

Health: -7/118     AC: 22    Str: 25    XL:     13   Next: 0%
Magic:  11/11      EV: 17    Int:  9    God:    Makhleb [*****.]
Gold:   483        SH: 14    Dex: 12    Spells: 12/12 levels left

rFire    . . .     SeeInvis .   a - +0 war axe
rCold    + . .     Gourm    .   d - +2 shield
rNeg     . . .     Faith    .   B - +3 scale mail {rPois}
rPois    +         Spirit   .   H - +1 helmet of the Seven Beggars {rCorr}
rElec    .         Reflect  .   u - +1 cloak
rCorr    +         Harm     .   y - +2 pair of gloves
MR       +....                  l - +1 pair of boots
Stlth    ..........             (no amulet)
HPRegen  0.00/turn              A - +4 ring of evasion
MPRegen  0.12/turn              C - ring of protection from cold

@: non-regenerating
A: damage resistance, heal wounds, sense surroundings 2, no regeneration
a: Heal Wounds, Minor Destruction, Lesser Servant of Makhleb, Major Destruction,
Greater Servant of Makhleb, Renounce Religion


You were on level 4 of the Lair of Beasts.
You worshipped Makhleb.
Makhleb was extremely pleased with you.
You were very hungry.

You visited 4 branches of the dungeon, and saw 17 of its levels.
You visited the Abyss 1 time.

You collected 1318 gold pieces.
You spent 835 gold pieces at shops.

Inventory:

Hand Weapons
 a - a +0 war axe (weapon)
 b - a +5 flail of protection
   (You took it off an orc on level 5 of the Dungeon)
 f - a +0 executioner's axe of pain
   (You found it on level 3 of the Lair of Beasts)
Armour
 d - a +2 shield (worn)
   (You found it on level 1 of the Dungeon)
 l - a +1 pair of boots (worn)
   (You found it on level 3 of the Dungeon)
 u - a +1 cloak (worn)
   (You took it off Crazy Yiuf on level 3 of the Dungeon)
 y - a +2 pair of gloves (worn)
   (You bought it in a shop on level 5 of the Dungeon)
 B - a +3 scale mail of poison resistance (worn)
   (You bought it in a shop on level 5 of the Dungeon)
 H - the +1 helmet of the Seven Beggars (worn) {rCorr}
   (You bought it in a shop on level 10 of the Dungeon)

   It provides partial protection from all sources of acid and corrosion.
Jewellery
 A - a +4 ring of evasion (left hand)
   (You found it on level 2 of the Dungeon)
 C - a ring of protection from cold (right hand)
   (You took it off a centaur on level 10 of the Dungeon)
 S - an uncursed ring of see invisible
   (You found it on level 8 of the Dungeon)
Wands
 n - a wand of flame (20)
   (You found it on level 4 of the Dungeon)
 o - a wand of clouds (11)
   (You found it on level 4 of the Dungeon)
 v - a wand of paralysis (13)
   (You found it on level 5 of the Dungeon)
 E - a wand of acid (20)
   (You found it on level 1 of the Lair of Beasts)
 F - a wand of iceblast (12)
   (You found it on level 6 of the Dungeon)
 G - a wand of disintegration (26)
   (You found it on level 8 of the Dungeon)
 L - a wand of scattershot (4)
   (You found it on level 1 of the Lair of Beasts)
Scrolls
 m - 3 scrolls of magic mapping
 p - a scroll of enchant weapon
 r - 2 scrolls of remove curse
 t - 8 scrolls of teleportation {!r}
 z - 2 scrolls of fog
 I - a scroll of fear {!r}
Potions
 e - 4 potions of curing
 g - 4 potions of agility
 h - 3 potions of haste
 i - a potion of mutation {!q}
 j - a potion of might
 k - a potion of berserk rage {!q}
 q - 3 potions of lignification
 s - a potion of magic {unknown}
 x - 2 potions of flight
 D - a potion of ambrosia {!q}
Miscellaneous
 J - a fan of gales
   (You found it on level 3 of the Lair of Beasts)
Comestibles
 c - 30 rations


   Skills:
 + Level 8.3 Fighting
 * Level 13.1 Axes
 + Level 9.9 Armour
 + Level 7.7 Dodging
 + Level 10.0 Shields
 + Level 10.6 Invocations
 - Level 5.0 Evocations


You had 12 spell levels left.
You didn't know any spells.
Your spell library contained the following spells:

 Spells                   Type           Power        Failure   Level  Hunger
 Confusing Touch          Hex            #.....       85%         1    ##.....
 Confuse                  Hex            #.......     99%         3    ####...
 Gell's Gravitas          Tloc           #.........   99%         3    ####...
 Petrify                  Tmut/Erth      #.......     100%        4    #####..
 Bolt of Magma            Conj/Fire/Erth #.........   100%        5    ######.
 Iskenderun's Battlesphe  Conj/Chrm      #.......     100%        5    ######.
 Metabolic Englaciation   Hex/Ice        #.........   100%        5    ######.
 Venom Bolt               Conj/Pois      #.........   100%        5    ######.
 Yara's Violent Unravell  Hex/Tmut       #.........   100%        5    ######.
 Iron Shot                Conj/Erth      #.........   100%        6    #######
 Orb of Destruction       Conj           #.........   100%        7    #######
 Spellforged Servitor     Conj/Summ      #.........   100%        7    #######


Dungeon Overview and Level Annotations

Branches:
Dungeon (10/15)            Temple (1/1) D:4            Lair (4/6) D:10
  Swamp (0/4) Lair:3          Orc (2/2) D:10
  Snake: Lair:2-4    Spider: Lair:2-4       Elf: Orc:2

Altars:
Ashenzari
Cheibriados
Dithmenos
Elyvilon
Fedhas
Gozag
Hepliaklqana
Kikubaaqudgha
Makhleb
Okawaru
Qazlal
Ru
Sif Muna
Trog
Uskayaw
Vehumet
Wu Jian
Xom
Yredelemnul
Zin
The Shining One
Beogh

Shops:
D:4 }   D:5 [   D:8 :   D:10 *


Innate Abilities, Weirdness & Mutations

You are resistant to damage.
You can heal yourself by infusing magical energy.
You passively map the area around you.
You do not regenerate.


Message History

The death yak barely misses you.
You hit the death yak but do no damage.
The death yak is moderately wounded.
You hit the death yak but do no damage. x2; You slash the death yak!
You block the death yak's attack. The death yak gores you!!
The death yak barely misses you. The death yak gores you.
You slash the death yak!
The death yak is heavily wounded.
You slash the death yak!
You hit the death yak. x2; The death yak gores you!
The death yak gores you. The death yak barely misses you.
Unknown command.
You are too injured to fight recklessly!
You are too injured to fight recklessly!
You are too injured to fight recklessly!
You are too injured to fight recklessly!
You are too injured to fight recklessly!
Unknown command.
You are too injured to fight recklessly!
You are too injured to fight recklessly!
You are too injured to fight recklessly!
You are too injured to fight recklessly!
You are too injured to fight recklessly!
You are too injured to fight recklessly!
You are too injured to fight recklessly!
You are too injured to fight recklessly!
You are too injured to fight recklessly!
You are too injured to fight recklessly!
You are too injured to fight recklessly!
You are too injured to fight recklessly!
You are too injured to fight recklessly!
You are too injured to fight recklessly!
You are too injured to fight recklessly!
You hit the death yak but do no damage.
The death yak is moderately wounded.
You barely miss the death yak. You hit the death yak but do no damage.
You hit the death yak. The death yak misses you. x2
The death yak barely misses you.
You are feeling very hungry.
You hit the death yak.
The death yak is moderately wounded.
You hit the death yak. x3
The death yak gores you but does no damage.
The death yak gores you! You block the death yak's attack.
The death yak completely misses you.
You hit the death yak but do no damage.
The death yak is moderately wounded.
You hit the death yak but do no damage. x2; You barely miss the death yak.
The death yak completely misses you. You block the death yak's attack.
The death yak gores you but does no damage.
You hit the death yak but do no damage.
The death yak is moderately wounded.
You hit the death yak but do no damage. x2; You hit the death yak.
The death yak gores you but does no damage.
The death yak gores you.
* * * LOW HITPOINT WARNING * * *
The death yak barely misses you.
Your magical essence is drained by the effort!
You feel much better. The death yak closely misses you.
The death yak gores you! The death yak misses you.
You block the death yak's attack.
You are too injured to fight recklessly!
You are too injured to fight recklessly!
You are too injured to fight recklessly!
You are too injured to fight recklessly!
You are too injured to fight recklessly!
You are too injured to fight recklessly!
You are too injured to fight recklessly!
You are too injured to fight recklessly!
You are too injured to fight recklessly!
You are too injured to fight recklessly!
You slash the death yak!
The death yak is moderately wounded.
You hit the death yak. You hit the death yak but do no damage.
You hit the death yak.
The death yak gores you but does no damage.
The death yak gores you! The death yak misses you. The death yak gores you!
* * * LOW HITPOINT WARNING * * *
You feel much better. You block the death yak's attack.
The death yak gores you!!
* * * LOW HITPOINT WARNING * * *
The death yak closely misses you. The death yak gores you!
* * * LOW HITPOINT WARNING * * *
You feel much better. The death yak gores you!
You block the death yak's attack.
The death yak gores you but does no damage.
You block the death yak's attack.
You feel much better.
The death yak snorts and paws the ground.
The death yak gores you! x2; The death yak closely misses you.
The death yak gores you!
You slash the death yak!
The death yak is severely wounded.
You hit the death yak but do no damage. You slash the death yak!
Your scale mail prevents you from hitting the death yak.
The death yak gores you. The death yak gores you!
* * * LOW HITPOINT WARNING * * *
The death yak gores you!
* * * LOW HITPOINT WARNING * * *
The death yak gores you!!
You die...

...........................#
?.........................##
..........................##
...........................#
...........................#
..........................##
..........................##
._.............YYY.........#
.....#######..##@#.........#
.....# ######Y.......P##
.....# ##........P# #...##
#........## #####
#........## * #Y........# *
* ##.........# #P.........#
* * ##........##


You could see 4 death yaks.

Vanquished Creatures
  Gastronok (D:8)
  4 hydras (Lair:2 Lair:3 Lair:4)
  4 death yaks (Lair:4)
  2 two-headed ogres (D:10)
  Pikel (D:8)
  3 black mambas (Lair:3)
  4 spiny frogs (Lair:2 Lair:3 Lair:4)
  5 komodo dragons (Lair:1 Lair:2 Lair:3 Lair:4)
  An ancient zyme (Abyss:1)
  A troll (Orc:1)
  5 dream sheep (Lair:4)
  11 blink frogs (Lair:2 Lair:3)
  4 hippogriffs (D:10 Lair:1 Lair:3)
  A vampire (D:10)
  A wyvern (Lair:2)
  A spriggan (D:10)
  17 yaks (D:10 Lair:3)
  A small abomination (Abyss:1)
  A warg (Orc:1)
  5 water moccasins (Lair:2)
  9 porcupines (D:10 Lair:1 Lair:2 Lair:3 Lair:4)
  3 orc warriors (D:8 D:9)
  3 sky beasts (D:8 D:9)
  2 ice beasts (D:7 D:10)
  A necrophage (D:10)
  6 ogres (D:6 D:7 D:8 Orc:1)
  7 centaurs (D:6 D:9 D:10)
  A phantom (D:10)
  9 crocodiles (D:10 Lair:2 Lair:3 Lair:4)
  2 big kobolds (D:7 D:8)
  13 bullfrogs (D:3 D:6 D:8 D:9 D:10)
  A wyvern skeleton (D:10)
  3 scorpions (D:10 Lair:2)
  3 killer bees (D:9)
  7 wights (D:9)
  7 electric eels (Lair:3)
  6 crimson imps (D:5 D:6 D:7 D:9 D:10)
  2 howler monkeys (D:4)
  A centaur zombie (D:5)
  A bullfrog zombie (D:9)
  2 jellies (D:5 D:10)
  3 bullfrog skeletons (D:5 D:7 D:9)
  2 centaur skeletons (D:4 D:10)
  8 orc priests (D:4 D:5 D:7 D:8 D:9)
  3 hounds (D:6 D:7 D:9)
  Crazy Yiuf (D:3)
  Jessica (D:3)
  8 orc wizards (D:4 D:7 D:8 D:10 Orc:1)
  Natasha (D:2)
  4 worker ants (D:4 D:5 D:6)
  A hound zombie (D:10)
  A hound skeleton (D:6)
  Robin (D:4)
  8 adders (D:2 D:3 D:4 D:7 D:10)
  A howler monkey skeleton (D:6)
  4 shadow imps (D:5 D:6 D:10)
  3 oozes (D:1 D:2 D:3)
  4 worms (D:2 D:3 D:4)
  A dart slug (D:1)
  3 leopard geckos (D:1 D:3 D:5)
  34 orcs (D:4 D:5 D:6 D:7 D:8)
  A ball python (D:4)
  9 bats (D:1 D:2 D:3 Orc:2 Orc:1)
  7 giant cockroaches (D:2 D:3 D:4 D:5 D:6)
  19 goblins (D:2 D:3 D:4)
  12 hobgoblins (D:1 D:2 D:3 D:4)
  9 jackals (D:1 D:8)
  14 kobolds (D:1 D:2 D:3 D:7 D:8)
  6 quokkas (D:3 D:4 D:5 D:7)
  4 frilled lizards (D:1 D:2 D:4)
  A giant cockroach zombie (D:6)
  A jackal zombie (D:6)
  A leopard gecko skeleton (D:8)
  10 rats (D:1 D:2 D:3)
  3 fungi (Lair:2 Lair:3)
351 creatures vanquished.

Vanquished Creatures (collateral kills)
  A fire dragon (Lair:2)
1 creature vanquished.

Vanquished Creatures (others)
  A fungus (Lair:3)
  3 plants (D:10 Lair:4)
4 creatures vanquished.

Grand Total: 356 creatures vanquished

Notes
Turn   | Place    | Note
-------+----------+-------------------------------------------
     0 | D:1      | Monsterracer the Deep Dwarf Fighter began the quest for the
                  | Orb.
     0 | D:1      | Reached XP level 1. HP: 20/20 MP: 1/1
   163 | D:1      | Reached XP level 2. HP: 25/27 MP: 2/2
   718 | D:2      | Reached skill level 3 in Axes
   718 | D:2      | Reached XP level 3. HP: 25/33 MP: 3/3
  1093 | D:2      | Reached XP level 4. HP: 42/42 MP: 4/4
  1106 | D:2      | Noticed Natasha
  1110 | D:2      | Killed Natasha
  1519 | D:3      | Noticed Jessica
  1524 | D:3      | Killed Jessica
  1524 | D:3      | Reached skill level 4 in Axes
  1524 | D:3      | Reached XP level 5. HP: 42/49 MP: 5/5
  1711 | D:3      | Found a runed translucent door.
  1712 | D:3      | Noticed Crazy Yiuf
  1748 | D:3      | Found an iron altar of Okawaru.
  1750 | D:3      | Found a hazy altar of Hepliaklqana.
  1750 | D:3      | Found a stormy altar of Qazlal.
  1752 | D:3      | Found a shimmering altar of Xom.
  1752 | D:3      | Found a shimmering altar of Xom.
  1752 | D:3      | Found a blossoming altar of Fedhas.
  2190 | D:3      | Killed Crazy Yiuf
  2249 | D:3      | Became a worshipper of Xom of Many Doors
  2324 | D:4      | Found a staircase to the Ecumenical Temple.
  2331 | Temple   | Entered the Ecumenical Temple
  2352 | Temple   | Fell from the grace of Xom
  2352 | Temple   | Became a worshipper of Makhleb the Destroyer
  2405 | D:4      | Reached XP level 6. HP: 53/57 MP: 6/6
  2420 | D:4      | HP: 27/57 [something (2)]
  2430 | D:4      | Reached skill level 5 in Axes
  2430 | D:4      | Reached skill level 1 in Invocations
  2439 | D:4      | XOM: draining
  2532 | D:4      | Noticed Robin
  2540 | D:4      | Killed Robin
  2570 | D:4      | Reached * piety under Makhleb
  2623 | D:4      | Got an ancient short sword
  2779 | D:4      | Reached XP level 7. HP: 45/64 MP: 8/8
  2868 | D:4      | Found Fuqil's Gadget Boutique.
  3008 | D:5      | Entered Level 5 of the Dungeon
  3037 | D:5      | Found a shattered altar of Ashenzari.
  3089 | D:5      | HP: 30/64 [worker ant (3)]
  3168 | D:5      | XOM: medium Summ miscast
  3171 | D:5      | HP: 30/64 [small abomination[the severe capriciousness of
                  | Xom] (15)]
  3178 | D:5      | XOM: medium Tloc miscast
  3179 | D:5      | Cast into level 1 of the Abyss (the capriciousness of Xom)
  3251 | Abyss:1  | HP: 27/64 [small abomination (11)]
  3254 | Abyss:1  | Reached skill level 6 in Axes
  3254 | Abyss:1  | Reached skill level 5 in Armour
  3254 | Abyss:1  | Reached skill level 5 in Shields
  3304 | Abyss:1  | Noticed a small abomination
  3308 | Abyss:1  | Noticed a chaos spawn
  3371 | Abyss:1  | Noticed an ancient zyme
  3386 | Abyss:1  | HP: 30/64 [ancient zyme (10)]
  3391 | Abyss:1  | Killed an ancient zyme
  3391 | Abyss:1  | Reached XP level 8. HP: 27/73 MP: 9/9
  3393 | D:5      | Escaped the Abyss
  3486 | D:5      | Found Decouh's Armour Shop.
  3489 | D:5      | Bought a +0 pair of gloves for 58 gold pieces
  3533 | D:5      | HP: 31/73 [orc priest/divine providence (10)]
  3701 | D:6      | Reached ** piety under Makhleb
  3710 | D:6      | Reached skill level 7 in Axes
  4010 | D:6      | Reached skill level 5 in Fighting
  4084 | D:6      | Found an ornate altar of the Wu Jian Council.
  4304 | D:7      | Reached skill level 5 in Invocations
  4418 | D:7      | Reached skill level 8 in Axes
  4418 | D:7      | Gained mutation: You passively map the area around you.
                  | [Deep Dwarf growth]
  4418 | D:7      | Reached XP level 9. HP: 57/81 MP: 10/10
  4457 | D:5      | Bought a +3 scale mail of poison resistance for 299 gold
                  | pieces
  4583 | D:7      | XOM: medium Chrm miscast
  4661 | D:7      | XOM: medium Hex miscast
  4727 | D:7      | XOM: noise
  5253 | D:8      | Reached *** piety under Makhleb
  5261 | D:8      | Found an ancient bone altar of Kikubaaqudgha.
  5330 | D:8      | Reached skill level 1 in Dodging
  5330 | D:8      | Reached skill level 1 in Evocations
  5352 | D:8      | Noticed Gastronok
  5362 | D:8      | HP: 31/81 [Gastronok (23)]
  5366 | D:8      | HP: 8/81 [Gastronok (23)]
  5375 | D:8      | Killed Gastronok
  5375 | D:8      | Reached skill level 9 in Axes
  5375 | D:8      | Reached XP level 10. HP: 85/91 MP: 11/13
  5415 | D:8      | Found Elapoe's Book Boutique.
  5429 | D:8      | Found a glowing silver altar of Zin.
  5441 | D:8      | Found a hazy altar of Hepliaklqana.
  5442 | D:8      | Found an opulent altar of Gozag.
  5515 | D:8      | Noticed Pikel
  5534 | D:8      | Killed Pikel
  5604 | D:8      | Found a stormy altar of Qazlal.
  6003 | D:9      | Noticed a five-headed hydra
  6007 | D:9      | Identified the +2 flail of the Spectre {crush, Int+4}
  6016 | D:9      | HP: 42/91 [seven-headed hydra (8)]
  6027 | D:9      | XOM: harmless Chrm miscast
  6061 | D:9      | Noticed an unseen horror
  6071 | D:9      | Reached **** piety under Makhleb
  6073 | D:9      | Noticed a two-headed ogre
  6077 | D:9      | HP: 40/91 [seven-headed hydra (8)]
  6094 | D:9      | HP: 38/91 [bullfrog (1)]
  6102 | D:9      | Noticed a catoblepas
  6137 | D:10     | Entered Level 10 of the Dungeon
  6140 | D:10     | Reached skill level 10 in Axes
  6151 | D:10     | HP: 44/92 [yak (11)]
  6157 | D:10     | HP: 33/92 [scorpion (7)]
  6159 | D:10     | Reached skill level 5 in Evocations
  6164 | D:10     | HP: 38/92 [centaur/arrow (6)]
  6223 | D:10     | XOM: medium Conj miscast
  6230 | D:10     | Found a staircase to the Lair.
  6238 | D:10     | HP: 42/92 [porcupine (5)]
  6244 | D:10     | HP: 25/92 [porcupine's spines (9)]
  6247 | D:10     | Reached XP level 11. HP: 36/99 MP: 12/12
  6249 | D:10     | HP: 25/99 [crocodile (11)]
  6256 | D:10     | HP: 33/99 [crocodile (9)]
  6265 | D:10     | HP: 49/99 [crocodile (1)]
  6317 | D:10     | Found Mirothreto's Assorted Antiques.
  6415 | D:10     | Noticed a two-headed ogre
  6428 | D:10     | Reached ***** piety under Makhleb
  6455 | D:10     | HP: 45/99 [two-headed ogre/+0 giant club (6)]
  6456 | D:10     | Killed a two-headed ogre
  6456 | D:10     | Reached skill level 5 in Dodging
  6563 | D:10     | Found a staircase to the Orcish Mines.
  6577 | D:10     | Noticed a two-headed ogre
  6589 | D:10     | Killed a two-headed ogre
  6589 | D:10     | Reached skill level 11 in Axes
  6908 | Orc:1    | Entered Level 1 of the Orcish Mines
  6991 | Orc:1    | Found a roughly hewn altar of Beogh.
  7149 | D:10     | Bought a warped helmet for 313 gold pieces
  7149 | D:10     | Bought a tubular sapphire ring for 165 gold pieces
  7159 | D:10     | Identified the +1 helmet of the Seven Beggars {rCorr} (You
                  | bought it in a shop on level 10 of the Dungeon)
  7181 | Lair:1   | Entered Level 1 of the Lair of Beasts
  7303 | Lair:1   | HP: 49/100 [komodo dragon (10)]
  7329 | Lair:1   | HP: 49/100 [hippogriff (1)]
  7724 | Lair:2   | XOM: noise
  7734 | Lair:2   | HP: 49/100 [spiny frog (4)]
  7741 | Lair:2   | HP: 50/100 [spiny frog (1)]
  7750 | Lair:2   | HP: 40/100 [komodo dragon (11)]
  8142 | Lair:2   | Noticed a four-headed hydra
  8164 | Lair:2   | Killed a six-headed hydra
  8207 | Lair:2   | Reached XP level 12. HP: 87/109 MP: 13/13
  8324 | Lair:2   | Noticed a fire dragon
  8341 | Lair:2   | Killed a fire dragon
  8536 | Orc:2    | Entered Level 2 of the Orcish Mines
  8545 | Orc:2    | HP: 49/109 [something/magic dart[an orc knight] (6)]
  8552 | Orc:1    | HP: 46/109 [ogre/+0 giant spiked club (12)]
  8564 | Orc:1    | HP: 46/109 [something/magic dart[an orc knight] (5)]
  8709 | Lair:3   | Reached skill level 12 in Axes
  8731 | Lair:3   | Found a staircase to the Swamp.
  8775 | Lair:3   | Noticed an eight-headed hydra
  8785 | Lair:3   | HP: 52/110 [ten-headed hydra (4)]
  8787 | Lair:3   | Killed a ten-headed hydra
  8873 | Lair:3   | HP: 49/110 [porcupine's spines (12)]
  8897 | Lair:3   | Noticed a seven-headed hydra
  8903 | Lair:3   | HP: 52/110 [nine-headed hydra (10)]
  8908 | Lair:3   | HP: 31/110 [nine-headed hydra (3)]
  8908 | Lair:3   | HP: 9/110 [nine-headed hydra (10)]
  8913 | Lair:3   | HP: 32/110 [nine-headed hydra (5)]
  8914 | Lair:3   | Killed a nine-headed hydra
  8953 | Lair:3   | Reached skill level 10 in Invocations
  9785 | Lair:4   | Found a shadowy altar of Dithmenos.
  9823 | Lair:4   | Noticed a five-headed hydra
  9838 | Lair:4   | Killed a seven-headed hydra
  9870 | Lair:4   | Noticed a death yak
  9870 | Lair:4   | Noticed a death yak
  9871 | Lair:4   | Noticed a death yak
  9879 | Lair:4   | HP: 50/111 [death yak (16)]
  9901 | Lair:4   | HP: 54/111 [death yak (19)]
  9908 | Lair:4   | HP: 24/111 [death yak (16)]
  9913 | Lair:4   | HP: 46/111 [death yak (12)]
  9915 | Lair:4   | Killed a death yak
  9919 | Lair:4   | HP: 48/111 [death yak (20)]
  9922 | Lair:4   | Reached skill level 13 in Axes
  9924 | Lair:4   | HP: 36/111 [death yak (1)]
  9926 | Lair:4   | Killed a death yak
  9935 | Lair:4   | Killed a death yak
  9996 | Lair:4   | Noticed a death yak
  9997 | Lair:4   | Noticed a death yak
  9997 | Lair:4   | Noticed a death yak
  9997 | Lair:4   | Noticed a death yak
  9998 | Lair:4   | Noticed a death yak
 10008 | Lair:4   | HP: 55/111 [death yak (8)]
 10013 | Lair:4   | HP: 51/111 [death yak (3)]
 10029 | Lair:4   | HP: 52/111 [death yak (14)]
 10049 | Lair:4   | XOM: blink monster(s)
 10076 | Lair:4   | Killed a death yak
 10076 | Lair:4   | Reached skill level 10 in Shields
 10076 | Lair:4   | Reached XP level 13. HP: 105/118 MP: 12/12
 10081 | Lair:4   | HP: 50/118 [death yak (13)]
 10086 | Lair:4   | HP: 46/118 [death yak (10)]
 10088 | Lair:4   | HP: 21/118 [death yak (13)]
 10091 | Lair:4   | Mangled by a death yak

Levels and vault maps discovered:
D:1:      dpeg_arrival_solitude, layout_basic
D:2:      layout_rooms, uniq_natasha
D:3:      layout_basic, doesnt_xom_only_xom, uniq_jessica,
          uniq_crazy_yiuf_cottage
D:4:      kennysheep_the_goblin_king, layout_basic, minmay_temple_entry_arrows,
          serial_shops, kennysheep_mini_moat, uniq_robin
D:5:      layout_rooms, nicolae_overflow_hidden_temple, serial_curves,
          eino_curves_02, eino_curves_04, first_ration, serial_shops,
          kennysheep_mini, minmay_misc_feat_rows
D:6:      layout_rooms, lemuel_coloured_pillars_altar
D:7:      layout_basic
D:8:      layout_basic, kennysheep_little_box, kiku_gazebo_pond_becter,
          chequers_temple_overflow_statue_of_worship, serial_shops, shop,
          uniq_pikel, uniq_gastronok
D:9:      minmay_curly_fans, layout_basic
D:10:     layout_basic, minmay_lair_entry_grove, orc_0_dummy, serial_shops,
          shop, chequers_serial_rivers_micro_e, the_bakery, minmay_starry_boxes
Temple:   eino_temple_lava
Lair:1:   layout_cave_shapes, minivault_27
Lair:2:   dragon1_lemuel, layout_hall_layers, grunt_megastairs_2
Lair:3:   layout_regular_city, minmay_swamp_entry_eels, nzn_random_ring
Lair:4:   layout_big_grid, minmay_snake_entry_guardpost_small, basic_altar,
          chequers_serial_rivers_large_b, kennysheep_catoblepas_arena
Orc:1:    layout_caves, basic_altar
Orc:2:    st_orc_rangers, layout_diamond_mine, roderic_batcave

Skill      XL: |  1  2  3  4  5  6  7  8  9 10 11 12 |
---------------+-------------------------------------+-----
Axes           | 3 4 5 6 8 9 10 11 13 | 13.1
Fighting       | 3 4 5 6 7 8 |  8.3
Shields        | 4 5 6 7 9 10 | 10.0
Armour         | 4 5 6 7 8 9 |  9.9
Invocations    | 2 3 5 6 7 9 10 | 10.6
Dodging        | 2 4 6 7 |  7.7
Evocations     | 3 5 |  5.0

Action                   |  1- 3 |  4- 6 |  7- 9 | 10-12 | 13-15 || total
-------------------------+-------+-------+-------+-------+-------++-------
Melee: War axe           |    95 |   180 |   302 |   792 |    11 ||  1380
       Unarmed           |       |    23 |       |       |       ||    23
       Flail             |       |       |       |    93 |       ||    93
Invok: Greater Servant o |       |       |       |     1 |       ||     1
 Abil: Heal Wounds       |     1 |     3 |     9 |    23 |     4 ||    40
  Use: Scroll            |       |     9 |     8 |    12 |       ||    29
  Eat: Chunk             |     1 |     6 |     6 |    15 |       ||    28
       Ration            |       |       |     1 |       |       ||     1
Armor: Scale mail        |    32 |    60 |    85 |   432 |     8 ||   617
Dodge: Dodged            |    29 |    89 |   103 |   670 |    15 ||   906
Block: Shield            |    53 |   119 |   204 |   850 |    11 ||  1237
